[ AOE2 MATCH · #463525557 ]
Team RMBohemians vs Italians
[ REPLAY ANALYSIS · EXTRACTED FROM THE RECORDED GAME ]
Feudal
16:46
Castle
25:41
Imperial
36:26
| APM avg | 13.8 |
| APM peak | 45 |
| eAPM avg | 12.3 |
| Villagers / military | 98 / 268 |
Focus
⚔️ 49.4% · 🌾 50.6%
Spearman ×141 · Hussite Wagon ×73 · Trade Cart ×47 · Bombard Cannon ×33 · Hand Cannoneer ×19 · Monk ×2
Feudal
13:11
Castle
22:57
Imperial
35:36
| APM avg | 9.2 |
| APM peak | 27 |
| eAPM avg | 8.3 |
| Villagers / military | 129 / 224 |
Focus
⚔️ 42.2% · 🌾 57.8%
Samurai ×101 · Spearman ×68 · Archer ×22 · Trade Cart ×21 · Scorpion ×18 · Trebuchet (Packed) ×8
Feudal
11:54
Castle
17:16
Imperial
40:24
| APM avg | 25.3 |
| APM peak | 85 |
| eAPM avg | 13.8 |
| Villagers / military | 126 / 194 |
Focus
⚔️ 18.8% · 🌾 81.2%
Hand Cannoneer ×150 · Bombard Cannon ×43 · Trade Cart ×25 · Mangonel ×1
Feudal
18:02
Castle
22:15
Imperial
38:21
| APM avg | 14.4 |
| APM peak | 28 |
| eAPM avg | 11.6 |
| Villagers / military | 132 / 454 |
Focus
⚔️ 30.2% · 🌾 69.8%
Skirmisher ×190 · Camel Scout ×110 · Scout Cavalry ×49 · Ghulam ×40 · Hand Cannoneer ×38 · Spearman ×24
Feudal
—
Castle
—
Imperial
—
| APM avg | 19.8 |
| APM peak | 107 |
| eAPM avg | 14.2 |
| Villagers / military | 167 / 276 |
Focus
⚔️ 21.4% · 🌾 78.6%
Konnik ×275 · Trade Cart ×85 · Monk ×1
Feudal
12:49
Castle
17:29
Imperial
34:13
| APM avg | 21.9 |
| APM peak | 64 |
| eAPM avg | 17.6 |
| Villagers / military | 161 / 335 |
Focus
⚔️ 38.3% · 🌾 61.7%
Composite Bowman ×299 · Trade Cart ×32 · Trebuchet (Packed) ×27 · Mangonel ×4 · Warrior Priest ×4 · Monk ×1
Feudal
14:36
Castle
21:53
Imperial
35:41
| APM avg | 29.2 |
| APM peak | 72 |
| eAPM avg | 18.1 |
| Villagers / military | 124 / 335 |
Focus
⚔️ 46.8% · 🌾 53.2%
Spearman ×108 · Scout Cavalry ×99 · Boyar ×98 · Mangonel ×18 · Trade Cart ×14 · Trebuchet (Packed) ×6
Feudal
13:33
Castle
17:06
Imperial
32:33
| APM avg | 33.5 |
| APM peak | 90 |
| eAPM avg | 16.0 |
| Villagers / military | 134 / 329 |
Focus
⚔️ 29.2% · 🌾 70.8%
Genoese Crossbowman ×136 · Scout Cavalry ×120 · Bombard Cannon ×53 · Trade Cart ×34 · Knight ×15 · Battering Ram ×4
Match map
Initial resources + every placement click. Lines = walls · curves = elevation contours. ◆ gold · ⬟ stone · ● berries · ✦ relic · ◌ wall gap
Your base· ✓ Closed at 25:41 · 65t walls · 3 gate(s)
theskemp's base· ✓ Closed at 22:57 · 42t walls · 2 gate(s)
Korppi's base· ✓ Closed at 17:16 · 0t walls · no gate
Jimmy Levy (GEO)'s base· ✓ Closed at 22:15 · 52t walls · no gate
Petollinen's base· Open — opponent sealed themselves in
Dimitri's base· ✓ Closed at 17:29 · 0t walls · no gate
Jam Postman's base· ✓ Closed at 21:53 · 19t walls · 1 gate(s)
CARLOS MATOS's base· ✓ Closed at 17:06 · 12t walls · no gate
Smoothed initial terrain · ◌ = detected wall gap · hover for details
Inputs per minute
— Faaaas - - theskemp
Build order — Faaaas
First 150 of 586 actions detected
| 0:11 | Build | House |
| 0:31 | Create | Villager (Male) |
| 0:32 | Research | Loom |
| 0:32 | Create | Villager (Male) |
| 0:32 | Create | Villager (Male) |
| 0:33 | Create | Villager (Male) |
| 0:45 | Build | House |
| 1:39 | Build | Palisade Wall |
| 2:02 | Build | Palisade Wall |
| 2:37 | Create | Villager (Male) |
| 3:54 | Create | Villager (Male) |
| 3:54 | Create | Villager (Male) |
| 4:29 | Create | Villager (Male) |
| 4:55 | Create | Villager (Male) |
| 4:55 | Create | Villager (Male) |
| 4:56 | Create | Villager (Male) |
| 5:15 | Build | House |
| 5:56 | Build | Lumber Camp |
| 6:00 | Create | Villager (Male) |
| 6:00 | Create | Villager (Male) |
| 7:56 | Create | Villager (Male) |
| 7:56 | Create | Villager (Male) |
| 7:56 | Create | Villager (Male) |
| 8:08 | Build | House |
| 8:43 | Build | House |
| 9:00 | Create | Villager (Male) |
| 9:00 | Create | Villager (Male) |
| 9:18 | Build | Mill |
| 9:48 | Create | Villager (Male) |
| 9:48 | Create | Villager (Male) |
| 9:49 | Create | Villager (Male) |
| 9:49 | Create | Villager (Male) |
| 9:49 | Create | Villager (Male) |
| 9:49 | Create | Villager (Male) |
| 10:03 | Build | House |
| 10:48 | Create | Villager (Male) |
| 11:14 | Build | House |
| 11:18 | Build | House |
| 11:24 | Build | House |
| 11:29 | Build | House |
| 11:51 | Create | Villager (Male) |
| 12:59 | Create | Villager (Male) |
| 13:00 | Create | Villager (Male) |
| 13:53 | Create | Villager (Male) |
| 14:04 | Build | Mining Camp |
| 14:20 | Build | Farm |
| 14:24 | Research | Feudal Age |
| 14:47 | Build | Barracks |
| 15:07 | Build | Mining Camp |
| 15:30 | Create | Villager (Male) |
| 15:30 | Create | Villager (Male) |
| 15:30 | Create | Villager (Male) |
| 15:31 | Create | Villager (Male) |
| 16:01 | Build | Farm |
| 16:06 | Build | Farm |
| 16:12 | Build | Farm |
| 16:16 | Build | Farm |
| 16:22 | Build | Farm |
| 16:26 | Build | Farm |
| 16:31 | Build | Farm |
| 16:45 | Build | Farm |
| 16:46 | Age | Feudal Age |
| 16:56 | Research | Wheelbarrow |
| 17:28 | Build | Farm |
| 17:58 | Build | Farm |
| 18:25 | Build | Stone Wall |
| 18:30 | Build | Gate |
| 18:42 | Build | Watch Tower |
| 19:02 | Build | Lumber Camp |
| 19:06 | Research | Double-Bit Axe |
| 19:11 | Create | Villager (Male) |
| 19:11 | Create | Villager (Male) |
| 19:22 | Research | Horse Collar |
| 20:12 | Build | Farm |
| 20:15 | Create | Villager (Male) |
| 20:16 | Create | Villager (Male) |
| 20:39 | Build | Farm |
| 20:46 | Create | Villager (Male) |
| 20:46 | Create | Villager (Male) |
| 21:02 | Build | Archery Range |
| 21:21 | Build | Stone Wall |
| 21:25 | Build | Gate |
| 21:46 | Build | Market |
| 22:01 | Build | Blacksmith |
| 22:06 | Create | Villager (Male) |
| 22:06 | Create | Villager (Male) |
| 22:19 | Build | Farm |
| 22:45 | Build | Farm |
| 22:52 | Build | Farm |
| 22:55 | Research | Castle Age |
| 22:56 | Create | Villager (Male) |
| 22:57 | Create | Villager (Male) |
| 22:58 | Create | Villager (Male) |
| 23:07 | Build | Mining Camp |
| 23:17 | Build | Mining Camp |
| 23:28 | Build | Mining Camp |
| 23:36 | Build | House |
| 23:40 | Build | House |
| 23:45 | Build | House |
| 23:49 | Build | House |
| 23:53 | Build | House |
| 23:58 | Build | House |
| 24:29 | Build | Stone Wall |
| 24:34 | Build | Gate |
| 24:40 | Build | Stone Wall |
| 25:41 | Age | Castle Age |
| 25:53 | Research | Caravan |
| 25:54 | Research | Coinage |
| 25:55 | Create | Trade Cart |
| 25:55 | Create | Trade Cart |
| 25:55 | Create | Trade Cart |
| 25:59 | Research | Hand Cart |
| 26:03 | Research | Bow Saw |
| 26:07 | Research | Heavy Plow |
| 26:21 | Build | University |
| 26:26 | Build | Monastery |
| 27:07 | Build | House |
| 27:11 | Build | House |
| 27:22 | Build | Town Center |
| 27:28 | Create | Villager (Male) |
| 27:29 | Create | Villager (Male) |
| 27:29 | Create | Villager (Male) |
| 27:31 | Create | Monk |
| 27:46 | Create | Monk |
| 28:09 | Create | Trade Cart |
| 28:10 | Create | Trade Cart |
| 28:23 | Create | Villager (Male) |
| 28:24 | Create | Villager (Male) |
| 28:24 | Create | Villager (Male) |
| 28:31 | Build | House |
| 28:34 | Build | House |
| 28:38 | Build | House |
| 28:52 | Create | Villager (Male) |
| 28:52 | Create | Villager (Male) |
| 28:53 | Create | Villager (Male) |
| 28:53 | Create | Villager (Male) |
| 28:53 | Create | Villager (Male) |
| 28:53 | Create | Villager (Male) |
| 28:54 | Create | Villager (Male) |
| 28:54 | Create | Villager (Male) |
| 29:03 | Build | Farm |
| 29:07 | Create | Trade Cart |
| 29:08 | Create | Trade Cart |
| 29:16 | Research | Fortified Wall (upgrade) |
| 29:22 | Research | Chemistry |
| 29:28 | Create | Villager (Male) |
| 29:28 | Create | Villager (Male) |
| 29:29 | Create | Villager (Male) |
| 29:57 | Build | Castle |
| 30:16 | Research | Treadmill Crane |
Build order — theskemp
First 150 of 386 actions detected
| 0:13 | Build | House |
| 0:14 | Build | House |
| 0:41 | Build | Palisade Wall |
| 1:04 | Research | Loom |
| 1:05 | Create | Villager (Male) |
| 1:05 | Create | Villager (Male) |
| 1:05 | Create | Villager (Male) |
| 1:06 | Create | Villager (Male) |
| 1:27 | Build | Palisade Gate |
| 3:03 | Build | Mill |
| 3:41 | Create | Villager (Male) |
| 4:16 | Create | Villager (Male) |
| 4:31 | Create | Villager (Male) |
| 5:10 | Create | Villager (Male) |
| 5:25 | Build | House |
| 5:26 | Build | House |
| 5:28 | Build | House |
| 5:34 | Create | Villager (Male) |
| 5:35 | Create | Villager (Male) |
| 6:02 | Create | Villager (Male) |
| 6:39 | Create | Villager (Male) |
| 6:39 | Create | Villager (Male) |
| 6:57 | Create | Villager (Male) |
| 7:21 | Create | Villager (Male) |
| 7:55 | Build | Lumber Camp |
| 8:01 | Create | Villager (Male) |
| 8:01 | Create | Villager (Male) |
| 8:17 | Create | Villager (Male) |
| 9:17 | Create | Villager (Male) |
| 9:18 | Create | Villager (Male) |
| 9:49 | Create | Villager (Male) |
| 10:58 | Research | Feudal Age |
| 11:53 | Build | Mining Camp |
| 11:57 | Build | Mining Camp |
| 12:04 | Build | House |
| 12:06 | Build | House |
| 12:11 | Create | Villager (Male) |
| 12:12 | Create | Villager (Male) |
| 12:36 | Create | Villager (Male) |
| 13:11 | Age | Feudal Age |
| 13:38 | Build | Stone Wall |
| 13:51 | Research | Horse Collar |
| 13:58 | Research | Double-Bit Axe |
| 14:17 | Build | Farm |
| 14:18 | Build | Farm |
| 14:19 | Build | Farm |
| 14:22 | Build | Farm |
| 14:23 | Build | Farm |
| 14:24 | Build | Farm |
| 14:25 | Build | Farm |
| 14:27 | Build | Farm |
| 14:28 | Build | Farm |
| 14:29 | Build | Farm |
| 14:31 | Build | Farm |
| 14:34 | Create | Villager (Male) |
| 14:35 | Create | Villager (Male) |
| 14:35 | Create | Villager (Male) |
| 15:27 | Create | Villager (Male) |
| 15:27 | Create | Villager (Male) |
| 15:51 | Build | Market |
| 16:02 | Build | House |
| 16:03 | Build | House |
| 16:05 | Build | House |
| 16:07 | Build | House |
| 16:12 | Build | House |
| 16:14 | Build | House |
| 16:19 | Build | Farm |
| 16:21 | Build | Farm |
| 16:23 | Build | Farm |
| 16:25 | Build | Farm |
| 16:29 | Create | Villager (Male) |
| 16:30 | Create | Villager (Male) |
| 16:53 | Create | Villager (Male) |
| 17:38 | Create | Villager (Male) |
| 17:38 | Create | Villager (Male) |
| 18:22 | Build | Blacksmith |
| 19:03 | Create | Villager (Male) |
| 19:23 | Build | Barracks |
| 20:04 | Build | Stone Wall |
| 20:14 | Build | Gate |
| 20:17 | Research | Castle Age |
| 21:11 | Create | Trade Cart |
| 21:12 | Create | Trade Cart |
| 21:26 | Build | Stone Wall |
| 21:58 | Build | Stone Wall |
| 22:25 | Create | Villager (Male) ×5 |
| 22:57 | Age | Castle Age |
| 23:01 | Build | Town Center |
| 23:09 | Build | Monastery |
| 23:31 | Build | University |
| 23:39 | Build | House |
| 23:42 | Build | House |
| 23:43 | Build | House |
| 23:43 | Build | House |
| 23:45 | Build | House |
| 23:47 | Build | House |
| 23:49 | Build | House |
| 23:50 | Build | House |
| 23:51 | Build | House |
| 23:56 | Build | Mining Camp |
| 24:03 | Create | Villager (Male) |
| 24:04 | Create | Villager (Male) |
| 24:22 | Build | Castle |
| 24:31 | Create | Villager (Male) ×5 |
| 24:43 | Build | Town Center |
| 25:05 | Create | Monk |
| 25:05 | Create | Monk |
| 25:10 | Create | Trade Cart |
| 25:10 | Create | Trade Cart |
| 25:26 | Build | House |
| 25:26 | Build | House |
| 25:28 | Build | House |
| 25:30 | Build | House |
| 25:30 | Build | House |
| 25:31 | Build | House |
| 25:33 | Build | House |
| 25:39 | Research | Bow Saw |
| 25:42 | Create | Villager (Male) |
| 25:42 | Create | Villager (Male) |
| 25:43 | Create | Villager (Male) |
| 25:57 | Research | Fortified Wall (upgrade) |
| 26:38 | Build | Stone Wall |
| 26:47 | Build | Gate |
| 27:09 | Create | Villager (Male) ×5 |
| 27:12 | Create | Villager (Male) ×5 |
| 27:21 | Build | Farm |
| 27:22 | Build | Farm |
| 27:25 | Build | Farm |
| 27:26 | Build | Farm |
| 27:27 | Build | Farm |
| 27:29 | Build | Farm |
| 27:30 | Build | Farm |
| 27:31 | Build | Farm |
| 27:36 | Create | Villager (Male) ×5 |
| 28:00 | Research | Wheelbarrow |
| 28:18 | Create | Villager (Male) |
| 28:19 | Create | Villager (Male) |
| 28:26 | Build | Farm |
| 28:27 | Build | Farm |
| 28:29 | Build | Farm |
| 28:30 | Build | Farm |
| 28:32 | Build | Farm |
| 28:34 | Build | Farm |
| 28:37 | Build | Farm |
| 28:38 | Build | Farm |
| 28:52 | Create | Villager (Male) |
| 28:52 | Create | Villager (Male) |
| 29:03 | Create | Villager (Male) |
| 29:03 | Create | Villager (Male) |
| 29:16 | Build | Siege Workshop |
Build order — Korppi
First 150 of 336 actions detected
| 0:01 | Create | Villager (Male) |
| 0:02 | Create | Villager (Male) |
| 0:03 | Build | House |
| 0:04 | Build | House |
| 0:06 | Create | Villager (Male) |
| 0:41 | Create | Villager (Male) |
| 1:24 | Create | Villager (Male) |
| 1:49 | Build | Lumber Camp |
| 2:06 | Create | Villager (Male) |
| 2:06 | Create | Villager (Male) |
| 2:36 | Create | Villager (Male) |
| 3:00 | Create | Villager (Male) |
| 3:26 | Create | Villager (Male) |
| 3:55 | Build | House |
| 4:10 | Create | Villager (Male) |
| 4:17 | Build | Mill |
| 4:37 | Create | Villager (Male) |
| 5:03 | Create | Villager (Male) |
| 5:14 | Create | Villager (Male) |
| 5:43 | Create | Villager (Male) |
| 6:03 | Create | Villager (Male) |
| 6:14 | Create | Villager (Male) |
| 6:30 | Create | Villager (Male) |
| 6:46 | Build | House |
| 7:07 | Create | Villager (Male) |
| 7:20 | Build | House |
| 7:39 | Build | Farm |
| 7:41 | Build | Farm |
| 7:43 | Build | Farm |
| 7:49 | Create | Villager (Male) |
| 8:03 | Build | Mining Camp |
| 8:05 | Create | Villager (Male) |
| 8:49 | Create | Villager (Male) |
| 9:17 | Research | Loom |
| 9:22 | Build | Farm |
| 9:37 | Research | Feudal Age |
| 11:36 | Build | Farm |
| 11:48 | Build | Farm |
| 11:53 | Create | Villager (Male) |
| 11:54 | Age | Feudal Age |
| 12:04 | Create | Villager (Male) |
| 12:11 | Build | Market |
| 12:25 | Build | Blacksmith |
| 12:30 | Create | Villager (Male) |
| 13:12 | Build | Farm |
| 13:14 | Create | Villager (Male) |
| 13:32 | Build | House |
| 13:35 | Build | House |
| 13:38 | Build | House |
| 13:41 | Create | Villager (Male) |
| 14:08 | Create | Villager (Male) |
| 14:36 | Research | Castle Age |
| 14:37 | Research | Castle Age |
| 15:48 | Research | Horse Collar |
| 15:49 | Research | Double-Bit Axe |
| 16:43 | Build | Farm |
| 16:44 | Build | Farm |
| 16:45 | Build | Farm |
| 16:47 | Build | Farm |
| 16:49 | Build | Farm |
| 17:16 | Age | Castle Age |
| 17:25 | Create | Villager (Male) |
| 17:36 | Build | Town Center |
| 17:43 | Create | Villager (Male) |
| 17:55 | Build | Town Center |
| 18:03 | Create | Villager (Male) |
| 18:17 | Create | Villager (Male) |
| 18:20 | Build | Farm |
| 18:31 | Build | Farm |
| 18:33 | Research | Heavy Plow |
| 18:35 | Research | Bow Saw |
| 18:39 | Create | Villager (Male) |
| 18:49 | Build | Farm |
| 19:07 | Research | Wheelbarrow |
| 19:29 | Create | Villager (Male) |
| 19:29 | Create | Villager (Male) |
| 19:30 | Create | Villager (Male) |
| 19:30 | Create | Villager (Male) |
| 19:43 | Build | Lumber Camp |
| 19:55 | Create | Villager (Male) |
| 19:58 | Create | Villager (Male) |
| 20:13 | Build | Lumber Camp |
| 20:19 | Create | Villager (Male) |
| 20:19 | Create | Villager (Male) |
| 20:20 | Create | Villager (Male) |
| 20:40 | Create | Villager (Male) |
| 20:44 | Create | Villager (Male) |
| 20:59 | Create | Villager (Male) |
| 21:00 | Create | Villager (Male) |
| 21:14 | Build | Farm |
| 21:18 | Create | Villager (Male) |
| 21:18 | Create | Villager (Male) |
| 21:19 | Create | Villager (Male) |
| 21:32 | Build | Mining Camp |
| 21:42 | Create | Villager (Male) |
| 21:43 | Create | Villager (Male) |
| 21:49 | Create | Villager (Male) |
| 22:03 | Build | Farm |
| 22:07 | Create | Villager (Male) |
| 22:11 | Create | Villager (Male) |
| 22:17 | Create | Villager (Male) |
| 22:23 | Build | House |
| 22:25 | Build | House |
| 22:27 | Build | House |
| 22:31 | Build | House |
| 22:33 | Create | Villager (Male) |
| 22:38 | Build | Farm |
| 22:54 | Create | Villager (Male) |
| 22:55 | Create | Villager (Male) |
| 22:58 | Create | Villager (Male) |
| 23:46 | Build | House |
| 23:48 | Build | House |
| 23:50 | Build | House |
| 23:51 | Build | House |
| 23:53 | Build | House |
| 23:54 | Build | House |
| 23:57 | Build | House |
| 23:58 | Build | House |
| 23:59 | Build | House |
| 24:04 | Create | Villager (Male) |
| 24:04 | Create | Villager (Male) |
| 24:05 | Create | Villager (Male) |
| 24:05 | Create | Villager (Male) |
| 24:10 | Build | Farm |
| 24:14 | Build | Farm |
| 24:53 | Build | Market |
| 25:01 | Create | Villager (Male) |
| 25:01 | Create | Villager (Male) |
| 25:01 | Create | Villager (Male) |
| 25:02 | Create | Villager (Male) |
| 25:02 | Create | Villager (Male) |
| 25:02 | Create | Villager (Male) |
| 25:03 | Create | Villager (Male) ×5 |
| 25:03 | Create | Villager (Male) ×5 |
| 25:03 | Create | Villager (Male) ×2 |
| 25:08 | Build | Farm |
| 25:12 | Build | Farm |
| 26:09 | Build | Farm |
| 26:10 | Build | Farm |
| 26:17 | Create | Villager (Male) ×5 |
| 26:18 | Create | Villager (Male) ×5 |
| 26:19 | Create | Villager (Male) ×2 |
| 26:38 | Build | Farm |
| 27:01 | Build | Farm |
| 27:09 | Research | Hand Cart |
| 27:21 | Build | Farm |
| 27:40 | Build | Farm |
| 27:50 | Create | Villager (Male) |
| 27:51 | Create | Villager (Male) |
| 27:51 | Create | Villager (Male) |
Build order — Jimmy Levy (GEO)
First 150 of 460 actions detected
| 0:02 | Create | Villager (Male) |
| 0:03 | Research | Loom |
| 0:04 | Create | Villager (Male) ×3 |
| 0:07 | Build | House |
| 0:09 | Build | House |
| 1:40 | Build | House |
| 1:52 | Create | Villager (Male) |
| 2:51 | Create | Villager (Male) |
| 3:13 | Create | Villager (Male) |
| 4:11 | Create | Villager (Male) |
| 4:52 | Create | Villager (Male) |
| 4:52 | Create | Villager (Male) |
| 5:21 | Create | Villager (Male) |
| 5:51 | Create | Villager (Male) |
| 5:51 | Create | Villager (Male) |
| 5:59 | Build | House |
| 6:11 | Build | Palisade Wall |
| 6:32 | Create | Villager (Male) |
| 6:54 | Create | Villager (Male) |
| 7:12 | Create | Villager (Male) |
| 7:13 | Create | Villager (Male) |
| 7:13 | Create | Villager (Male) |
| 7:25 | Build | Mill |
| 7:39 | Build | Palisade Wall |
| 7:42 | Create | Villager (Male) |
| 9:10 | Create | Villager (Male) |
| 9:10 | Create | Villager (Male) |
| 9:10 | Create | Villager (Male) |
| 9:11 | Create | Villager (Male) |
| 9:11 | Create | Villager (Male) |
| 9:48 | Build | House |
| 10:00 | Build | House |
| 10:30 | Build | Palisade Wall |
| 10:57 | Build | House |
| 10:59 | Build | House |
| 11:10 | Create | Villager (Male) |
| 11:10 | Create | Villager (Male) |
| 11:31 | Build | Palisade Wall |
| 11:35 | Build | Farm |
| 12:02 | Create | Villager (Male) |
| 12:02 | Create | Villager (Male) |
| 12:07 | Build | House |
| 12:28 | Create | Villager (Male) |
| 13:22 | Create | Villager (Male) |
| 13:22 | Create | Villager (Male) |
| 13:23 | Create | Villager (Male) |
| 13:37 | Build | Lumber Camp |
| 14:13 | Create | Villager (Male) |
| 14:48 | Build | Mining Camp |
| 14:53 | Create | Villager (Male) |
| 14:55 | Create | Villager (Male) |
| 15:29 | Build | Mining Camp |
| 15:40 | Research | Feudal Age |
| 16:13 | Build | Farm |
| 16:18 | Build | Farm |
| 18:02 | Age | Feudal Age |
| 18:04 | Create | Villager (Male) |
| 18:05 | Create | Villager (Male) |
| 18:05 | Create | Villager (Male) |
| 18:10 | Build | Market |
| 18:20 | Build | Blacksmith |
| 19:12 | Build | Mining Camp |
| 19:35 | Research | Castle Age |
| 20:10 | Research | Double-Bit Axe |
| 21:33 | Create | Villager (Male) |
| 21:33 | Create | Villager (Male) |
| 22:15 | Age | Castle Age |
| 22:20 | Build | Town Center |
| 22:24 | Create | Villager (Male) |
| 22:53 | Build | Town Center |
| 23:24 | Build | Town Center |
| 23:44 | Build | Monastery |
| 23:51 | Create | Villager (Male) |
| 23:51 | Create | Villager (Male) |
| 23:54 | Build | Farm |
| 23:56 | Build | Farm |
| 24:04 | Create | Villager (Male) |
| 24:28 | Build | Castle |
| 24:35 | Create | Villager (Male) |
| 24:41 | Build | Farm |
| 24:50 | Build | Mining Camp |
| 24:58 | Create | Monk |
| 24:58 | Create | Monk |
| 25:05 | Create | Villager (Male) |
| 25:12 | Build | Farm |
| 25:16 | Build | Farm |
| 25:18 | Create | Villager (Male) |
| 25:37 | Build | Farm |
| 25:40 | Create | Villager (Male) |
| 25:58 | Create | Villager (Male) |
| 26:03 | Build | Farm |
| 26:15 | Build | Farm |
| 26:28 | Build | House |
| 26:44 | Create | Villager (Male) |
| 26:45 | Create | Villager (Male) |
| 26:47 | Build | Farm |
| 27:04 | Build | Stone Wall |
| 27:19 | Build | Stone Wall |
| 27:20 | Create | Villager (Male) |
| 27:20 | Create | Villager (Male) |
| 27:34 | Build | Farm |
| 28:05 | Create | Villager (Male) |
| 28:05 | Create | Villager (Male) |
| 28:26 | Create | Villager (Male) |
| 28:26 | Create | Villager (Male) |
| 28:26 | Create | Villager (Male) |
| 28:27 | Create | Villager (Male) |
| 28:28 | Create | Villager (Male) |
| 28:29 | Create | Villager (Male) |
| 28:29 | Create | Villager (Male) |
| 28:32 | Build | Farm |
| 28:34 | Build | Farm |
| 28:37 | Build | Farm |
| 28:47 | Build | Lumber Camp |
| 28:53 | Create | Villager (Male) |
| 28:53 | Create | Villager (Male) |
| 28:53 | Create | Villager (Male) |
| 29:12 | Build | Farm |
| 29:13 | Build | Farm |
| 29:14 | Build | Farm |
| 29:16 | Build | Farm |
| 29:17 | Research | Horse Collar |
| 29:34 | Build | House |
| 29:37 | Build | Farm |
| 29:41 | Build | Farm |
| 29:57 | Research | Wheelbarrow |
| 29:59 | Create | Villager (Male) |
| 29:59 | Create | Villager (Male) |
| 29:59 | Create | Villager (Male) |
| 30:07 | Build | Stone Wall |
| 30:12 | Build | Gate |
| 30:31 | Create | Villager (Male) |
| 30:32 | Create | Villager (Male) |
| 30:32 | Create | Villager (Male) |
| 30:32 | Create | Villager (Male) |
| 30:33 | Create | Villager (Male) |
| 30:39 | Build | House |
| 30:45 | Build | House |
| 30:53 | Build | Farm |
| 30:55 | Create | Villager (Male) |
| 30:56 | Create | Villager (Male) |
| 30:59 | Build | Farm |
| 31:02 | Research | Bow Saw |
| 31:13 | Build | Farm |
| 31:14 | Build | Farm |
| 31:49 | Build | Lumber Camp |
| 31:57 | Build | Lumber Camp |
| 32:00 | Research | Hand Cart |
| 32:04 | Build | Farm |
| 32:06 | Research | Grand Trunk Road |
Build order — Petollinen
First 150 of 387 actions detected
| 0:02 | Create | Villager (Male) |
| 0:02 | Create | Villager (Male) |
| 0:03 | Create | Villager (Male) |
| 0:03 | Create | Villager (Male) |
| 0:03 | Create | Villager (Male) |
| 0:04 | Build | House |
| 0:06 | Build | House |
| 1:24 | Create | Villager (Male) |
| 1:25 | Create | Villager (Male) |
| 1:59 | Build | Lumber Camp |
| 2:06 | Create | Villager (Male) |
| 2:06 | Create | Villager (Male) |
| 2:26 | Create | Villager (Male) |
| 2:26 | Create | Villager (Male) |
| 3:01 | Create | Villager (Male) |
| 3:26 | Create | Villager (Male) |
| 3:26 | Create | Villager (Male) |
| 3:55 | Build | House |
| 4:02 | Create | Villager (Male) |
| 4:03 | Create | Villager (Male) |
| 4:31 | Build | Mill |
| 4:42 | Create | Villager (Male) |
| 4:42 | Create | Villager (Male) |
| 5:09 | Create | Villager (Male) |
| 5:09 | Create | Villager (Male) |
| 5:09 | Create | Villager (Male) |
| 5:53 | Create | Villager (Male) |
| 5:53 | Create | Villager (Male) |
| 6:21 | Create | Villager (Male) |
| 6:22 | Create | Villager (Male) |
| 6:22 | Create | Villager (Male) |
| 6:29 | Build | House |
| 6:55 | Create | Villager (Male) |
| 7:10 | Build | House |
| 7:17 | Create | Villager (Male) |
| 7:37 | Create | Villager (Male) |
| 7:38 | Create | Villager (Male) |
| 8:07 | Build | Mill |
| 8:10 | Create | Villager (Male) |
| 8:10 | Create | Villager (Male) |
| 8:35 | Build | Mining Camp |
| 8:36 | Create | Villager (Male) |
| 9:57 | Build | Mining Camp |
| 9:58 | Create | Villager (Male) |
| 10:15 | Research | Feudal Age |
| 10:16 | Research | Feudal Age |
| 10:44 | Create | Villager (Male) |
| 10:44 | Create | Villager (Male) |
| 12:31 | Build | Market |
| 12:35 | Build | Blacksmith |
| 12:47 | Build | Farm |
| 12:49 | Build | Farm |
| 13:40 | Create | Villager (Male) |
| 14:18 | Research | Castle Age |
| 14:34 | Build | Farm |
| 14:36 | Build | Farm |
| 14:37 | Build | Farm |
| 14:44 | Research | Double-Bit Axe |
| 14:47 | Research | Horse Collar |
| 15:31 | Build | House |
| 15:51 | Build | House |
| 15:53 | Build | House |
| 15:54 | Build | House |
| 15:55 | Build | House |
| 16:08 | Build | Farm |
| 16:09 | Build | Farm |
| 16:10 | Build | Farm |
| 16:11 | Build | Farm |
| 16:13 | Build | Farm |
| 16:27 | Create | Villager (Male) |
| 16:27 | Create | Villager (Male) |
| 17:23 | Build | Town Center |
| 17:28 | Create | Villager (Male) |
| 17:29 | Create | Villager (Male) |
| 17:37 | Create | Villager (Male) |
| 18:15 | Create | Villager (Male) |
| 18:27 | Build | Lumber Camp |
| 18:44 | Build | House |
| 19:18 | Build | Castle |
| 19:38 | Build | Castle |
| 19:44 | Build | House |
| 19:46 | Build | House |
| 19:48 | Build | House |
| 19:51 | Create | Villager (Male) ×5 |
| 20:20 | Create | Villager (Male) |
| 20:22 | Create | Villager (Male) ×5 |
| 20:27 | Build | Farm |
| 20:59 | Build | Monastery |
| 21:05 | Create | Villager (Male) ×5 |
| 21:28 | Build | Town Center |
| 21:35 | Build | House |
| 21:53 | Research | Bow Saw |
| 22:03 | Create | Monk |
| 22:12 | Build | House |
| 22:28 | Research | Stone Mining |
| 22:34 | Create | Villager (Male) |
| 22:42 | Build | Farm |
| 22:42 | Build | Farm |
| 22:43 | Build | Farm |
| 22:49 | Build | House |
| 23:02 | Build | Mining Camp |
| 23:04 | Create | Villager (Male) |
| 23:22 | Build | House |
| 23:32 | Build | Farm |
| 23:33 | Build | Farm |
| 23:34 | Build | Farm |
| 24:02 | Build | Farm |
| 24:06 | Build | Farm |
| 24:08 | Build | Farm |
| 24:16 | Build | House |
| 24:28 | Build | Farm |
| 24:36 | Create | Villager (Male) ×5 |
| 24:36 | Create | Villager (Male) ×5 |
| 24:36 | Create | Villager (Male) ×5 |
| 24:51 | Build | House |
| 25:09 | Build | Krepost |
| 25:10 | Build | Krepost |
| 25:11 | Build | Krepost |
| 25:13 | Build | Krepost |
| 25:19 | Build | Farm |
| 25:23 | Build | House |
| 25:30 | Build | Farm |
| 25:33 | Create | Villager (Male) ×5 |
| 25:42 | Build | Farm |
| 25:44 | Build | Farm |
| 25:58 | Build | Farm |
| 26:08 | Build | House |
| 26:12 | Research | Stone Shaft Mining |
| 26:13 | Research | Gold Mining |
| 26:21 | Research | Heavy Plow |
| 26:28 | Build | Farm |
| 26:32 | Build | Farm |
| 26:41 | Build | Lumber Camp |
| 26:44 | Create | Villager (Male) |
| 26:44 | Create | Villager (Male) |
| 26:45 | Create | Villager (Male) |
| 26:48 | Create | Villager (Male) |
| 26:53 | Build | House |
| 27:06 | Create | Villager (Male) ×3 |
| 27:17 | Build | Farm |
| 27:19 | Build | Farm |
| 27:25 | Build | House |
| 27:26 | Build | House |
| 27:26 | Build | House |
| 27:28 | Build | House |
| 27:28 | Build | House |
| 27:29 | Build | House |
| 27:29 | Build | House |
| 27:29 | Build | House |
| 27:47 | Create | Villager (Male) ×5 |
Build order — Dimitri
First 150 of 449 actions detected
| 0:05 | Create | Villager (Male) |
| 0:06 | Create | Villager (Male) |
| 0:06 | Create | Villager (Male) |
| 0:06 | Create | Villager (Male) |
| 0:07 | Build | House |
| 0:08 | Build | House |
| 0:37 | Build | House |
| 0:39 | Build | House |
| 0:41 | Build | House |
| 1:27 | Research | Loom |
| 2:04 | Create | Villager (Male) |
| 2:05 | Create | Villager (Male) |
| 2:21 | Create | Villager (Male) |
| 2:21 | Create | Villager (Male) |
| 2:43 | Create | Villager (Male) |
| 2:43 | Create | Villager (Male) |
| 3:27 | Create | Villager (Male) |
| 3:41 | Create | Villager (Male) |
| 3:42 | Create | Villager (Male) |
| 4:21 | Create | Villager (Male) |
| 4:21 | Create | Villager (Male) |
| 5:02 | Build | Mill |
| 5:05 | Build | House |
| 5:20 | Create | Villager (Male) |
| 5:21 | Create | Villager (Male) |
| 5:21 | Create | Villager (Male) |
| 6:10 | Create | Villager (Male) |
| 6:11 | Create | Villager (Male) |
| 6:27 | Create | Villager (Male) |
| 6:27 | Create | Villager (Male) |
| 7:06 | Create | Villager (Male) |
| 7:08 | Create | Villager (Male) |
| 7:36 | Create | Villager (Male) |
| 7:36 | Create | Villager (Male) |
| 7:36 | Create | Villager (Male) |
| 8:19 | Build | Mule Cart |
| 9:12 | Build | Mill |
| 9:17 | Create | Villager (Male) |
| 9:42 | Create | Villager (Male) |
| 9:52 | Create | Villager (Male) |
| 10:11 | Build | Mule Cart |
| 10:14 | Create | Villager (Male) |
| 10:39 | Research | Feudal Age |
| 11:55 | Create | Villager (Male) |
| 11:55 | Create | Villager (Male) |
| 12:49 | Age | Feudal Age |
| 13:14 | Build | Blacksmith |
| 13:18 | Build | Market |
| 13:37 | Create | Villager (Male) |
| 13:38 | Create | Villager (Male) |
| 14:44 | Build | Mule Cart |
| 14:50 | Research | Castle Age |
| 15:24 | Build | Farm |
| 15:26 | Build | Farm |
| 15:39 | Create | Villager (Male) |
| 15:40 | Create | Villager (Male) |
| 15:47 | Research | Double-Bit Axe |
| 16:08 | Build | House |
| 16:21 | Build | Farm |
| 16:23 | Build | Farm |
| 16:26 | Build | Farm |
| 16:34 | Build | Farm |
| 16:42 | Build | House |
| 16:48 | Build | House |
| 16:49 | Build | House |
| 17:01 | Build | Farm |
| 17:05 | Build | Farm |
| 17:11 | Build | Farm |
| 17:12 | Build | Farm |
| 17:12 | Build | Farm |
| 17:29 | Age | Castle Age |
| 17:43 | Build | Town Center |
| 18:14 | Create | Villager (Male) |
| 18:14 | Create | Villager (Male) |
| 18:25 | Build | Town Center |
| 18:39 | Create | Villager (Male) |
| 18:39 | Create | Villager (Male) |
| 18:40 | Create | Villager (Male) |
| 18:56 | Create | Villager (Male) ×5 |
| 18:56 | Create | Villager (Male) ×4 |
| 19:41 | Build | Monastery |
| 19:46 | Create | Villager (Male) ×5 |
| 19:47 | Create | Villager (Male) ×5 |
| 19:47 | Create | Villager (Male) ×2 |
| 19:58 | Build | House |
| 20:03 | Build | House |
| 20:05 | Create | Villager (Male) |
| 20:05 | Create | Villager (Male) |
| 20:32 | Create | Villager (Male) ×2 |
| 20:37 | Create | Villager (Male) ×5 |
| 20:37 | Create | Villager (Male) |
| 20:55 | Research | Stone Mining |
| 20:56 | Research | Bow Saw |
| 21:01 | Research | Gold Mining |
| 21:06 | Build | House |
| 21:09 | Build | House |
| 21:16 | Create | Villager (Male) |
| 21:16 | Create | Villager (Male) |
| 21:18 | Create | Monk |
| 21:25 | Create | Villager (Male) |
| 21:25 | Create | Villager (Male) |
| 21:39 | Build | House |
| 21:40 | Build | House |
| 21:49 | Create | Villager (Male) |
| 22:04 | Create | Villager (Male) |
| 22:41 | Create | Villager (Male) ×2 |
| 22:51 | Build | Castle |
| 22:54 | Create | Villager (Male) |
| 22:55 | Create | Villager (Male) |
| 23:02 | Build | House |
| 23:04 | Build | House |
| 23:05 | Build | House |
| 23:09 | Create | Warrior Priest |
| 23:23 | Create | Villager (Male) |
| 23:33 | Build | Mill |
| 23:34 | Build | Farm |
| 23:34 | Build | Farm |
| 23:39 | Build | Farm |
| 23:39 | Build | Farm |
| 23:39 | Build | Farm |
| 23:40 | Build | Farm |
| 23:40 | Build | Farm |
| 23:40 | Build | Farm |
| 23:40 | Build | Farm |
| 23:46 | Create | Villager (Male) |
| 23:55 | Create | Composite Bowman |
| 23:56 | Create | Composite Bowman |
| 23:56 | Create | Composite Bowman |
| 23:56 | Create | Composite Bowman |
| 23:56 | Create | Composite Bowman |
| 23:57 | Create | Composite Bowman |
| 23:57 | Create | Composite Bowman |
| 23:57 | Create | Composite Bowman |
| 23:57 | Create | Composite Bowman |
| 23:57 | Create | Composite Bowman |
| 23:59 | Create | Composite Bowman |
| 24:14 | Create | Villager (Male) ×2 |
| 24:15 | Create | Villager (Male) ×2 |
| 24:51 | Create | Warrior Priest |
| 24:51 | Create | Warrior Priest |
| 24:52 | Create | Warrior Priest |
| 24:56 | Build | House |
| 24:57 | Build | House |
| 24:58 | Build | House |
| 24:58 | Build | House |
| 25:02 | Create | Villager (Male) |
| 25:03 | Create | Villager (Male) |
| 25:11 | Build | Mill |
| 25:12 | Build | Farm |
| 25:12 | Build | Farm |
Build order — Jam Postman
First 150 of 660 actions detected
| 0:02 | Create | Villager (Male) |
| 0:02 | Create | Villager (Male) |
| 0:02 | Create | Villager (Male) |
| 0:03 | Build | House |
| 0:05 | Build | House |
| 0:06 | Build | House |
| 0:38 | Create | Villager (Male) |
| 0:53 | Research | Loom |
| 2:20 | Create | Villager (Male) |
| 2:51 | Create | Villager (Male) |
| 3:22 | Build | Palisade Wall |
| 3:57 | Build | Palisade Wall |
| 4:18 | Build | Palisade Gate |
| 4:19 | Create | Villager (Male) |
| 4:27 | Create | Villager (Male) |
| 4:30 | Create | Villager (Male) |
| 4:53 | Create | Villager (Male) |
| 4:53 | Create | Villager (Male) |
| 5:23 | Create | Villager (Male) |
| 5:39 | Create | Villager (Male) |
| 6:12 | Build | House |
| 6:13 | Build | House |
| 6:14 | Build | House |
| 6:16 | Create | Villager (Male) |
| 6:36 | Create | Villager (Male) |
| 7:34 | Create | Villager (Male) |
| 8:19 | Create | Villager (Male) |
| 8:20 | Create | Villager (Male) |
| 8:23 | Build | House |
| 9:01 | Build | Lumber Camp |
| 9:37 | Create | Villager (Male) |
| 10:12 | Build | Mill |
| 10:31 | Create | Villager (Male) |
| 10:43 | Create | Villager (Male) |
| 10:43 | Create | Villager (Male) |
| 11:11 | Build | Mill |
| 11:14 | Create | Villager (Male) |
| 11:54 | Build | Mining Camp |
| 12:26 | Research | Feudal Age |
| 13:12 | Create | Villager (Male) |
| 13:25 | Build | Lumber Camp |
| 13:27 | Create | Villager (Male) |
| 13:57 | Create | Villager (Male) |
| 14:05 | Create | Villager (Male) |
| 14:36 | Age | Feudal Age |
| 14:39 | Create | Villager (Male) |
| 14:48 | Research | Horse Collar |
| 14:49 | Research | Double-Bit Axe |
| 14:51 | Create | Villager (Male) |
| 15:11 | Build | Lumber Camp |
| 15:20 | Build | Farm |
| 15:30 | Build | Farm |
| 15:56 | Build | Farm |
| 16:24 | Build | Farm |
| 16:25 | Create | Villager (Male) |
| 16:38 | Build | Blacksmith |
| 16:49 | Create | Villager (Male) |
| 17:12 | Build | Farm |
| 17:25 | Create | Villager (Male) |
| 17:36 | Build | Farm |
| 17:56 | Build | Market |
| 18:00 | Create | Villager (Male) |
| 18:09 | Build | Farm |
| 18:11 | Create | Villager (Male) |
| 18:25 | Build | Farm |
| 18:56 | Build | Farm |
| 19:11 | Build | Farm |
| 19:13 | Research | Castle Age |
| 19:17 | Build | Mining Camp |
| 19:19 | Create | Villager (Male) |
| 19:31 | Build | Barracks |
| 20:23 | Research | Stone Mining |
| 20:54 | Build | Stable |
| 20:54 | Build | Stable |
| 21:24 | Research | Wheelbarrow |
| 21:40 | Research | Fletching |
| 21:40 | Research | Forging |
| 21:53 | Age | Castle Age |
| 22:01 | Build | Town Center |
| 22:06 | Create | Villager (Male) |
| 22:06 | Create | Villager (Male) |
| 22:24 | Build | Town Center |
| 22:28 | Create | Villager (Male) |
| 22:56 | Build | House |
| 22:57 | Build | House |
| 22:57 | Build | House |
| 22:58 | Build | House |
| 22:58 | Build | House |
| 23:02 | Build | House |
| 23:04 | Build | House |
| 23:04 | Build | House |
| 23:07 | Create | Villager (Male) |
| 23:08 | Create | Villager (Male) |
| 23:09 | Create | Villager (Male) |
| 23:27 | Create | Villager (Male) |
| 23:28 | Create | Villager (Male) |
| 23:56 | Build | House |
| 23:57 | Build | House |
| 23:58 | Build | House |
| 24:00 | Build | House |
| 24:01 | Build | House |
| 24:03 | Build | House |
| 24:04 | Build | House |
| 24:06 | Create | Villager (Male) |
| 24:07 | Create | Villager (Male) |
| 24:24 | Build | Castle |
| 24:26 | Create | Villager (Male) |
| 24:27 | Create | Villager (Male) |
| 24:53 | Build | Siege Workshop |
| 24:56 | Build | Monastery |
| 24:57 | Create | Villager (Male) |
| 25:04 | Build | Farm |
| 25:05 | Create | Villager (Male) |
| 25:05 | Create | Villager (Male) |
| 25:05 | Create | Villager (Male) |
| 25:27 | Build | Town Center |
| 25:36 | Create | Villager (Male) |
| 25:36 | Create | Villager (Male) |
| 25:55 | Build | Farm |
| 25:55 | Create | Villager (Male) |
| 25:56 | Create | Villager (Male) |
| 26:00 | Create | Villager (Male) |
| 26:01 | Create | Villager (Male) |
| 26:14 | Build | Farm |
| 26:26 | Research | Town Watch |
| 26:30 | Build | Farm |
| 26:31 | Create | Villager (Male) |
| 26:40 | Build | Farm |
| 26:51 | Create | Monk |
| 26:53 | Create | Villager (Male) |
| 26:55 | Create | Villager (Male) |
| 27:02 | Build | Farm |
| 27:04 | Create | Villager (Male) |
| 27:23 | Build | Farm |
| 27:24 | Create | Villager (Male) |
| 27:24 | Create | Villager (Male) |
| 27:30 | Build | Farm |
| 27:31 | Create | Villager (Male) |
| 27:31 | Create | Villager (Male) |
| 27:43 | Create | Villager (Male) |
| 27:52 | Create | Villager (Male) |
| 27:55 | Build | Farm |
| 28:05 | Research | Heavy Plow |
| 29:08 | Build | Farm |
| 29:09 | Build | Farm |
| 29:11 | Build | Farm |
| 29:12 | Build | Farm |
| 29:12 | Create | Villager (Male) |
| 29:13 | Create | Villager (Male) |
| 29:13 | Create | Villager (Male) |
Build order — CARLOS MATOS
First 150 of 364 actions detected
| 0:03 | Create | Villager (Male) |
| 0:04 | Create | Villager (Male) |
| 0:04 | Create | Villager (Male) |
| 0:05 | Build | House |
| 0:07 | Build | House |
| 0:09 | Create | Villager (Male) |
| 1:50 | Create | Villager (Male) |
| 2:08 | Build | Lumber Camp |
| 2:10 | Create | Villager (Male) |
| 2:37 | Create | Villager (Male) |
| 3:14 | Create | Villager (Male) |
| 3:32 | Create | Villager (Male) |
| 4:21 | Build | Mill |
| 4:24 | Build | House |
| 4:29 | Create | Villager (Male) |
| 4:44 | Create | Villager (Male) |
| 5:23 | Create | Villager (Male) |
| 5:23 | Create | Villager (Male) |
| 5:23 | Create | Villager (Male) |
| 6:24 | Create | Villager (Male) |
| 6:25 | Create | Villager (Male) |
| 6:39 | Create | Villager (Male) |
| 7:07 | Create | Villager (Male) |
| 7:08 | Create | Villager (Male) |
| 7:22 | Build | Lumber Camp |
| 7:31 | Research | Loom |
| 7:38 | Create | Villager (Male) |
| 7:38 | Create | Villager (Male) |
| 7:43 | Build | House |
| 8:00 | Build | House |
| 8:02 | Build | House |
| 8:06 | Build | House |
| 8:08 | Create | Villager (Male) |
| 8:08 | Create | Villager (Male) |
| 8:32 | Build | Palisade Wall |
| 8:33 | Build | Palisade Wall |
| 8:37 | Build | Palisade Wall |
| 8:45 | Build | House |
| 8:57 | Build | Palisade Wall |
| 9:02 | Create | Villager (Male) |
| 9:02 | Create | Villager (Male) |
| 9:22 | Build | Farm |
| 9:35 | Build | Farm |
| 9:35 | Create | Villager (Male) |
| 9:36 | Create | Villager (Male) |
| 9:38 | Build | Farm |
| 9:43 | Build | Farm |
| 9:57 | Build | Mining Camp |
| 10:24 | Build | Mill |
| 10:34 | Create | Villager (Male) |
| 10:35 | Create | Villager (Male) |
| 10:35 | Create | Villager (Male) |
| 10:42 | Research | Feudal Age |
| 11:01 | Build | House |
| 11:29 | Build | Mining Camp |
| 11:36 | Build | Farm |
| 12:19 | Create | Villager (Male) |
| 12:19 | Create | Villager (Male) |
| 13:33 | Age | Feudal Age |
| 13:37 | Build | Market |
| 13:42 | Build | Blacksmith |
| 14:26 | Research | Castle Age |
| 14:26 | Research | Castle Age |
| 16:03 | Build | Farm |
| 16:04 | Build | Farm |
| 16:05 | Build | Farm |
| 16:06 | Build | Farm |
| 16:07 | Build | Farm |
| 16:23 | Research | Horse Collar |
| 17:06 | Age | Castle Age |
| 17:13 | Build | Town Center |
| 17:34 | Build | Town Center |
| 18:10 | Create | Villager (Male) |
| 18:10 | Create | Villager (Male) |
| 18:13 | Research | Wheelbarrow |
| 18:15 | Research | Town Watch |
| 18:42 | Create | Villager (Male) |
| 18:45 | Create | Villager (Male) |
| 18:47 | Build | Farm |
| 19:03 | Create | Villager (Male) ×5 |
| 19:07 | Create | Villager (Male) ×5 |
| 19:20 | Create | Villager (Male) ×3 |
| 19:26 | Build | Farm |
| 19:32 | Build | Farm |
| 19:37 | Research | Horse Collar |
| 19:53 | Create | Villager (Male) ×2 |
| 20:07 | Create | Villager (Male) |
| 20:17 | Build | House |
| 20:33 | Build | House |
| 20:41 | Build | House |
| 21:06 | Research | Heavy Plow |
| 21:10 | Create | Villager (Male) ×2 |
| 21:18 | Build | Farm |
| 21:19 | Build | Farm |
| 21:23 | Build | Farm |
| 21:31 | Build | Lumber Camp |
| 21:33 | Create | Villager (Male) ×2 |
| 21:40 | Build | Lumber Camp |
| 21:46 | Build | Farm |
| 21:47 | Create | Villager (Male) |
| 21:58 | Build | Farm |
| 21:59 | Create | Villager (Male) |
| 22:13 | Build | Castle |
| 22:19 | Build | Castle |
| 22:22 | Create | Villager (Male) ×2 |
| 22:28 | Create | Villager (Male) |
| 22:30 | Build | Farm |
| 22:44 | Create | Villager (Male) |
| 22:46 | Create | Villager (Male) |
| 22:54 | Create | Villager (Male) ×2 |
| 22:55 | Create | Villager (Male) |
| 22:58 | Build | Farm |
| 23:00 | Build | Farm |
| 23:16 | Build | Monastery |
| 23:22 | Build | Monastery |
| 23:25 | Create | Villager (Male) ×3 |
| 23:28 | Build | Farm |
| 23:30 | Create | Villager (Male) |
| 23:41 | Research | Double-Bit Axe |
| 23:46 | Build | Farm |
| 23:47 | Create | Villager (Male) |
| 23:54 | Build | Lumber Camp |
| 23:55 | Create | Villager (Male) |
| 23:57 | Create | Villager (Male) |
| 24:00 | Build | House |
| 24:03 | Build | House |
| 24:19 | Create | Villager (Male) ×3 |
| 24:23 | Build | Farm |
| 24:24 | Create | Villager (Male) |
| 24:29 | Create | Villager (Male) |
| 24:30 | Create | Monk |
| 24:33 | Create | Villager (Male) |
| 24:36 | Build | Farm |
| 24:54 | Research | Bow Saw |
| 24:54 | Research | Bow Saw |
| 25:01 | Build | Farm |
| 25:02 | Create | Villager (Male) |
| 25:05 | Build | Farm |
| 25:05 | Create | Villager (Male) |
| 25:08 | Build | Farm |
| 25:11 | Create | Villager (Male) |
| 25:22 | Build | Farm |
| 25:22 | Build | Farm |
| 25:24 | Build | Farm |
| 25:25 | Build | Farm |
| 25:28 | Create | Villager (Male) ×2 |
| 25:39 | Build | Mining Camp |
| 25:43 | Build | House |
| 25:51 | Build | House |
| 25:58 | Build | House |
Match timeline
| 0:41 | theskemp · wall_segment Palisade Wall x7 |
| 1:39 | Faaaas · wall_segment Palisade Wall x5 |
| 2:02 | Faaaas · wall_segment Palisade Wall x6 |
| 3:22 | Jam Postman · wall_segment Palisade Wall x9 |
| 3:57 | Jam Postman · wall_segment Palisade Wall x10 |
| 6:11 | Jimmy Levy (GEO) · wall_segment Palisade Wall x15 |
| 7:39 | Jimmy Levy (GEO) · wall_segment Palisade Wall x13 |
| 8:32 | CARLOS MATOS · wall_segment Palisade Wall x5 |
| 8:33 | CARLOS MATOS · wall_segment Palisade Wall x1 |
| 8:37 | CARLOS MATOS · wall_segment Palisade Wall x1 |
| 8:57 | CARLOS MATOS · wall_segment Palisade Wall x5 |
| 10:30 | Jimmy Levy (GEO) · wall_segment Palisade Wall x13 |
| 11:31 | Jimmy Levy (GEO) · wall_segment Palisade Wall x11 |
| 11:54 | Korppi · age_up feudal |
| 12:49 | Dimitri · age_up feudal |
| 13:11 | theskemp · age_up feudal |
| 13:33 | CARLOS MATOS · age_up feudal |
| 13:38 | theskemp · wall_segment Stone Wall x9 |
| 14:15 | Petollinen · first_market_sell 100 wood |
| 14:16 | Petollinen · first_market_buy 100 food |
| 14:36 | Jam Postman · age_up feudal |
| 14:47 | Faaaas · first_building Barracks |
| 16:46 | Faaaas · age_up feudal |
| 17:06 | CARLOS MATOS · age_up castle |
| 17:16 | Korppi · age_up castle |
| 17:24 | CARLOS MATOS · first_market_buy 100 wood |
| 17:29 | Dimitri · age_up castle |
| 18:02 | Jimmy Levy (GEO) · age_up feudal |
| 18:25 | Faaaas · wall_segment Stone Wall x9 |
| 19:18 | Petollinen · first_building Castle |
| 19:23 | theskemp · first_building Barracks |
| 19:31 | Jam Postman · first_building Barracks |
| 19:41 | Dimitri · first_building Monastery |
| 20:04 | theskemp · wall_segment Stone Wall x12 |
| 20:54 | Jam Postman · first_building Stable |
| 20:59 | Petollinen · first_building Monastery |
| 21:02 | Faaaas · first_building Archery Range |
| 21:21 | Faaaas · wall_segment Stone Wall x8 |
| 21:26 | theskemp · wall_segment Stone Wall x8 |
| 21:53 | Jam Postman · age_up castle |
| 21:58 | theskemp · wall_segment Stone Wall x13 |
| 22:13 | CARLOS MATOS · first_building Castle |
| 22:15 | Jimmy Levy (GEO) · age_up castle |
| 22:51 | Dimitri · first_building Castle |
| 22:57 | theskemp · age_up castle |
| 23:09 | theskemp · first_building Monastery |
| 23:16 | CARLOS MATOS · first_building Monastery |
| 23:44 | Jimmy Levy (GEO) · first_building Monastery |
| 24:22 | theskemp · first_building Castle |
| 24:24 | Jam Postman · first_building Castle |
| 24:28 | Jimmy Levy (GEO) · first_building Castle |
| 24:29 | Faaaas · wall_segment Stone Wall x23 |
| 24:40 | Faaaas · wall_segment Stone Wall x15 |
| 24:53 | Jam Postman · first_building Siege Workshop |
| 24:56 | Jam Postman · first_building Monastery |
| 25:09 | Petollinen · first_building Krepost |
| 25:41 | Faaaas · age_up castle |
| 26:26 | Faaaas · first_building Monastery |
| 26:38 | theskemp · wall_segment Stone Wall x9 |
| 27:04 | Jimmy Levy (GEO) · wall_segment Stone Wall x10 |
| 27:19 | Jimmy Levy (GEO) · wall_segment Stone Wall x14 |
| 27:35 | CARLOS MATOS · first_market_sell 500 wood |
| 27:56 | CARLOS MATOS · first_building Barracks |
| 28:14 | CARLOS MATOS · first_building Siege Workshop |
| 29:01 | CARLOS MATOS · first_building Stable |
| 29:16 | theskemp · first_building Siege Workshop |
| 29:57 | Faaaas · first_building Castle |
| 30:07 | Jimmy Levy (GEO) · wall_segment Stone Wall x14 |
| 30:16 | Petollinen · first_building Barracks |
| 30:35 | Dimitri · first_market_buy 100 food |
| 31:28 | Petollinen · first_building Stable |
| 32:00 | theskemp · wall_segment Stone Wall x31 |
| 32:20 | Dimitri · first_market_sell 100 wood |
| 32:33 | CARLOS MATOS · age_up imperial |
| 32:38 | Jimmy Levy (GEO) · wall_segment Stone Wall x15 |
| 32:39 | CARLOS MATOS · wall_segment Stone Wall x6 |
| 32:48 | Jam Postman · first_market_sell 100 wood |
| 33:06 | CARLOS MATOS · wall_segment Stone Wall x10 |
| 33:20 | Dimitri · first_building Siege Workshop |
| 33:24 | Faaaas · first_building Siege Workshop |
| 34:13 | Dimitri · age_up imperial |
| 34:28 | Dimitri · first_building Barracks |
| 34:59 | Jimmy Levy (GEO) · wall_segment Stone Wall x16 |
| 35:35 | Korppi · first_building Siege Workshop |
| 35:36 | theskemp · age_up imperial |
| 35:41 | Jam Postman · age_up imperial |
| 36:22 | theskemp · first_building Archery Range |
| 36:22 | Jam Postman · wall_segment Stone Wall x3 |
| 36:26 | Faaaas · age_up imperial |
| 36:37 | Jam Postman · wall_segment Stone Wall x4 |
| 36:42 | Jimmy Levy (GEO) · first_building Barracks |
| 37:23 | Korppi · first_building Castle |
| 37:31 | Korppi · first_building Barracks |
| 37:36 | Jimmy Levy (GEO) · wall_segment Stone Wall x10 |
| 37:56 | Korppi · first_building Archery Range |
| 38:21 | Jimmy Levy (GEO) · age_up imperial |
| 38:44 | Jimmy Levy (GEO) · first_building Archery Range |
| 39:30 | theskemp · wall_segment Stone Wall x15 |
| 40:24 | Korppi · age_up imperial |
| 41:28 | Faaaas · tribute_sent a jugador 1 |
| 41:28 | Faaaas · tribute_sent a jugador 2 |
| 41:28 | Faaaas · tribute_sent a jugador 3 |
| 41:28 | Faaaas · tribute_sent a jugador 4 |
| 41:28 | Faaaas · tribute_sent a jugador 6 |
| 41:28 | Faaaas · tribute_sent a jugador 7 |
| 41:28 | Faaaas · tribute_sent a jugador 8 |
| 42:56 | Dimitri · first_building Archery Range |
| 44:11 | Jimmy Levy (GEO) · first_building Siege Workshop |
| 45:18 | Jimmy Levy (GEO) · first_building Stable |
| 46:46 | Jimmy Levy (GEO) · first_market_sell 500 wood |
| 47:42 | theskemp · wall_segment Stone Wall x6 |
| 47:55 | theskemp · wall_segment Stone Wall x8 |
| 62:51 | Faaaas · first_market_sell 100 wood |
| 63:02 | Jam Postman · resign |
[ AI ANALYSIS · 1 CREDIT ]
What really happened in this match?
Wolo.gg analyzes every decision: build order, eco, micro, common mistakes by bracket. Personalized analysis on WhatsApp or Discord in 30 seconds.
Civ guide
Bohemians
Map guide
Black Forest
Perfil
Faaaas